 Dungeon Crawl Stone Soup version 0.25.0-9-g26727b657a (webtiles) character file.

Game seed: 8852174093388160362

63 Acheron the Slasher (level 3, -2/22 HPs)
             Began as a Deep Elf Chaos Knight on June 17, 2020.
             Was a Plaything of Xom.
             Slain by an orc
             ... wielding a +0 short sword
              (3 damage)
             ... on level 4 of the Dungeon.
             The game lasted 00:07:45 (2021 turns).

Acheron the Slasher (Deep Elf Chaos Knight)         Turns: 2021, Time: 00:07:46

Health: -2/22      AC:  6    Str:  9    XL:     3   Next: 89%
Magic:  7/7        EV: 13    Int: 16    God:    Xom [..*...]
Gold:   94         SH:  0    Dex: 15    Spells: 5/5 levels left

rFire    . . .     SeeInvis .   a - +0 falchion (chaos)
rCold    . . .     Gourm    .   (no shield)
rNeg     . . .     Faith    .   b - +3 leather armour
rPois    .         Spirit   .   (no helmet)
rElec    .         Reflect  .   (no cloak)
rCorr    .         Harm     .   (no gloves)
MR       .....                  (no boots)
Stlth    ++........             (no amulet)
HPRegen  0.07/turn              (no ring)
MPRegen  0.10/turn              (no ring)

@: no status effects
A: no striking features
a: Renounce Religion


You were on level 4 of the Dungeon.
You worshipped Xom.
You were a toy of Xom.
You were hungry.

You visited 1 branch of the dungeon, and saw 4 of its levels.

You collected 94 gold pieces.

Inventory:

Hand Weapons
 a - a +0 falchion of chaos (weapon)
Missiles
 d - 88 stones (quivered)
Armour
 b - a +3 leather armour (worn)
 f - a +0 scale mail
Jewellery
 l - an uncursed amulet of guardian spirit
Scrolls
 j - a scroll of magic mapping
 k - 2 scrolls of fear
 o - a scroll of enchant weapon {unknown}
Potions
 e - a potion of degeneration {unknown}
 h - a potion of berserk rage {unknown}
 i - a potion of magic
 m - a potion of lignification {unknown}
 n - 2 potions of cancellation {unknown}
Comestibles
 c - 7 rations
 g - 9 chunks of flesh


   Skills:
 + Level 2.7 Fighting
 + Level 3.1 Long Blades
 * Level 1.5 Armour
 * Level 2.9 Dodging
 * Level 1.3 Stealth
 * Level 1.5 Spellcasting


You had 5 spell levels left.
You didn't know any spells.
Your spell library was empty.

Dungeon Overview and Level Annotations

Branches:
Dungeon (4/15)
 Temple: D:4-7

Altars:

Annotations:
D:2 exclusion: downstairs


Message History

* * * LOW HITPOINT WARNING * * *
A shower of butterflies erupts from you!
There is a stone staircase leading down here.
The orc hits you but does no damage.
You climb downwards.
An adder comes into view.
Found four items.
Found a stone staircase leading up.
There is a stone staircase leading up here.
You hit the orc but do no damage. The orc misses you.
You riposte.
You hit the orc. You burn the orc.
The orc is moderately wounded.
You closely miss the orc.
The orc is moderately wounded.
The adder hisses angrily.
The orc hits you with a +0 short sword.
* * * LOW HITPOINT WARNING * * *
You hit the orc but do no damage.
The orc is poisoned.
The orc is moderately wounded.
The orc hits you with a +0 short sword.
You die...

##.......... .#
....?./..... ...
...........##..#
..............##
...............#
...........S....
................
#.....o<..)....
##....@##......
#...#...# ..#..
.........# ##
....<...##
.........
.#......#
...##...# #..
#...#


You could see an adder and an orc (very poisoned).

Vanquished Creatures
  An adder (D:2)
  3 dart slugs (D:1)
  A leopard gecko (D:2)
  3 orcs (D:2)
  8 goblins
  6 hobgoblins
  2 jackals (D:1)
  6 kobolds
  A ball python (D:2)
  2 bats
  4 frilled lizards
  5 rats
42 creatures vanquished.

Notes
Turn   | Place    | Note
-------+----------+-------------------------------------------
     0 | D:1      | Acheron the Deep Elf Chaos Knight began the quest for the
                  | Orb.
     0 | D:1      | Reached XP level 1. HP: 13/13 MP: 3/3
   465 | D:1      | XOM: butterfly on damage
   469 | D:1      | Reached XP level 2. HP: 13/18 MP: 4/4
   497 | D:1      | XOM: divination: detect creatures
   594 | D:1      | Reached skill level 1 in Armour
   807 | D:1      | Reached skill level 3 in Long Blades
   812 | D:1      | Reached skill level 1 in Spellcasting
   915 | D:1      | XOM: silly message
  1025 | D:2      | Reached skill level 1 in Stealth
  1025 | D:2      | Reached XP level 3. HP: 12/22 MP: 6/6
  1068 | D:2      | XOM: silly message
  1103 | D:2      | XOM: scenery: 1 doors open, 1 doors close
  1337 | D:2      | Found a faded altar of an unknown god.
  1497 | D:2      | XOM: silly message
  1850 | D:2      | XOM: divination: detect creatures
  2015 | D:3      | XOM: butterfly on damage
  2020 | D:4      | HP: 1/22 [orc/+0 short sword (2)]
  2021 | D:4      | Slain by an orc

Illustrated notes

Levels and vault maps discovered:
D:1:      matt_arrival_refuge, layout_loops_corners
D:2:      layout_basic, chequers_ecumenical_altar_simple, first_ration,
          serial_park_tiny_pond, minmay_crystal_water, st_stairs_11,
          guppyfry_early_orc_mine
D:3:      layout_rooms
D:4:      layout_layer_cave, nicolae_overflow_hidden_temple, uniq_robin

Skill      XL: |  1  2 |
---------------+-------+-----
Armour         | 1 |  1.5
Long Blades    | 3 |  3.1
Spellcasting   | 1 |  1.5
Stealth        | 1 |  1.3
Fighting       | |  2.7
Dodging        | |  2.9

Action                   || total
-------------------------++-------
Melee: Falchion          ||   114
  Use: Scroll            ||     5
 Stab: Sleeping          ||     3
       Distracted        ||     1
       Paralysed         ||     1
  Eat: Chunk             ||     3
Armor: Leather armour    ||    37
Dodge: Dodged            ||    65
       Rpst.: Falchion   ||    21
